 Dungeon Crawl Stone Soup version 0.30-a0-50-gb2d611f6b1 (webtiles) character file.

Game seed: 4928246996911401003

346996 LnG the Executioner (level 21, 0/209 HPs)
             Began as a Hill Orc Fighter on Sept 4, 2022.
             Was a Follower of Uskayaw.
             Blown up by an eye of devastation (32 damage)
             ... with a bolt of energy
             ... on level 4 of the Abyss on Sept 5, 2022.
             The game lasted 05:04:38 (81163 turns).

LnG the Executioner (Hill Orc Fighter)             Turns: 81163, Time: 05:04:39

Health: 0/209      AC: 29    Str: 33    XL:     21   Next: 73%
Magic:  0/21       EV: 12    Int: 14    God:    Uskayaw [*.....]
Gold:   2559       SH:  0    Dex:  7    Spells: 20/20 levels left

rFire   + + +      SeeInvis .    u - +4 executioner's axe of Tumult {vorpal, rPois rF++ rCorr Dex-3}
rCold   + . .      Faith    .    (shield currently unavailable)
rNeg    + + .      Spirit   +    E - +3 fire dragon scales {Xtahua}
rPois   +          Reflect  .    C - +2 helmet
rElec   +          Harm     .    I - +2 cloak
rCorr   +          Rampage  .    Z - +2 pair of gloves
Will    +....                    s - +0 pair of boots
Stlth   ++++......               z - amulet of guardian spirit
HPRegen 0.44/turn                Q - ring of Epnuetzi {Contam Fly rN++ Str+3 Int+6}
MPRegen 0.17/turn                e - ring "Qyijur" {rC+ Slay+5}

@: resistant, on berserk cooldown, flying, studying Throwing, invisible
A: no striking features
}: 3/15 runes: decaying, serpentine, abyssal
a: Renounce Religion, Stomp


You were on level 4 of the Abyss.
You worshipped Uskayaw.
Uskayaw was noncommittal.
You visited 8 branches of the dungeon, and saw 36 of its levels.
You visited the Abyss 1 time.

You collected 3932 gold pieces.
You spent 1373 gold pieces at shops.

Inventory:

Hand Weapons
 u - the +4 executioner's axe of Tumult (weapon) {vorpal, rPois rF++ rCorr Dex-3}
   (You acquired it on level 1 of the Depths)

   It inflicts extra damage upon your enemies.
   Dex:       It affects your dexterity (-3).
   rF:        It greatly protects you from fire.
   rPois:     It protects you from poison.
   rCorr:     It protects you from acid and corrosion.
 N - a +8 battleaxe of flaming
Missiles
 q - 2 throwing nets
 Y - 8 boomerangs (quivered)
Armour
 s - a +0 pair of boots (worn)
 C - a +2 helmet (worn)
 E - +3 fire dragon scales (worn) {Xtahua}
 I - a +2 cloak (worn)
 S - +2 swamp dragon scales
 Z - a +2 pair of gloves (worn)
Jewellery
 e - the ring "Qyijur" (right hand) {rC+ Slay+5}
   (You acquired it on level 4 of the Dungeon)

   [ring of protection from cold]

   Slay:      It affects your accuracy & damage with ranged weapons and melee
   (+5).
   rC:        It protects you from cold.
 h - a ring of see invisible
 y - the ring "Loxtetz" {+Blink rPois Slay+4}
   (You found it on level 12 of the Dungeon)

   [ring of slaying]

   Slay:      It affects your accuracy & damage with ranged weapons and melee
   (+4).
   rPois:     It protects you from poison.
   +Blink:    It lets you blink.
 z - an amulet of guardian spirit (around neck)
 J - a ring of positive energy
 M - a ring of magical power
 Q - the ring of Epnuetzi (left hand) {Contam Fly rN++ Str+3 Int+6}
   (You found it on level 9 of the Dungeon)

   [ring of intelligence]

   Str:       It affects your strength (+3).
   Int:       It affects your intelligence (+6).
   rN:        It greatly protects you from negative energy.
   Fly:       It grants you flight.
   Contam:    It causes magical contamination when unequipped.
Wands
 c - a wand of digging (7)
 v - a wand of mindburst (37)
 O - a wand of light (25)
 U - a wand of paralysis (17)
 V - a wand of polymorph (4)
 W - a wand of iceblast (41)
 X - a wand of flame (48)
Scrolls
 a - a scroll of enchant armour
 f - 9 scrolls of magic mapping
 i - 6 scrolls of amnesia
 j - 4 scrolls of butterflies
 k - 8 scrolls of teleportation
 m - 2 scrolls of blinking
 n - 8 scrolls of fear
 B - 4 scrolls of vulnerability
 F - a scroll of torment
 G - a scroll of summoning
 L - 5 scrolls of silence
 P - 8 scrolls of poison
 R - 5 scrolls of immolation
 T - 4 scrolls of identify
Potions
 d - 8 potions of might
 g - 3 potions of haste
 o - a potion of resistance
 p - 8 potions of lignification
 r - 5 potions of magic
 t - 17 potions of curing
 w - 8 potions of attraction
 x - 2 potions of ambrosia
 D - 7 potions of mutation
 H - 5 potions of brilliance
 K - 2 potions of berserk rage
Miscellaneous
 b - a piece from Xom's chessboard (15/15)
 A - a phantom mirror


   Skills:
 + Level 22.3 Fighting
 + Level 25.7 Axes
 + Level 11.6 Throwing
 + Level 16.4 Armour
 + Level 8.6 Dodging
 + Level 17.0 Stealth
 + Level 7.0 Shields
 + Level 0.8 Evocations


You had 20 spell levels left.
You didn't know any spells.
Your spell library contained the following spells:

 Spells                   Type           Power      Damage    Failure   Level
 Foxfire                  Conj/Fire      0%         2x1d4     45%         1
 Magic Dart               Conj           0%         1d3       45%         1
 Sandblast                Erth           0%         2d4       45%         1
 Shock                    Conj/Air       0%         1d3       45%         1
 Summon Small Mammal      Summ           0%         N/A       45%         1
 Blink                    Tloc           0%         N/A       58%         2
 Call Imp                 Summ           0%         N/A       58%         2
 Ensorcelled Hibernation  Hex/Ice        0%         N/A       58%         2
 Passwall                 Tmut/Erth      0%         N/A       58%         2
 Searing Ray              Conj           0%         2d4       58%         2
 Call Canine Familiar     Summ           0%         N/A       83%         3
 Conjure Flame            Conj/Fire      0%         6-21      83%         3
 Inner Flame              Hex/Fire       0%         N/A       83%         3
 Mephitic Cloud           Conj/Pois/Air  0%         N/A       83%         3
 Ozocubu's Armour         Ice            0%         N/A       83%         3
 Spider Form              Tmut/Pois      0%         N/A       83%         3
 Stone Arrow              Conj/Erth      0%         3d7       83%         3
 Summon Guardian Golem    Hex/Summ       0%         N/A       83%         3
 Swiftness                Air            0%         N/A       83%         3
 Tukima's Dance           Hex            0%         N/A       83%         3
 Airstrike                Air            0%         2d(0-16)  99%         4
 Anguish                  Hex/Necr       0%         N/A       99%         4
 Cause Fear               Hex            0%         N/A       99%         4
 Flame Wave               Conj/Fire      0%         2d4       99%         4
 Fulminant Prism          Conj/Hex       0%         3d6       99%         4
 Hailstorm                Conj/Ice       0%         3d3       99%         4
 Ice Form                 Ice/Tmut       0%         N/A       99%         4
 Leda's Liquefaction      Hex/Erth       0%         N/A       99%         4
 Passage of Golubria      Tloc           0%         N/A       99%         4
 Iskenderun's Battlesphe  Conj           0%         2d6       100%        5
 Lee's Rapid Deconstruct  Erth           0%         3d5*      100%        5
 Manifold Assault         Tloc           0%         N/A       100%        5
 Metabolic Englaciation   Hex/Ice        0%         N/A       100%        5
 Summon Forest            Summ/Tloc      0%         N/A       100%        5
 Summon Mana Viper        Hex/Summ       0%         N/A       100%        5
 Yara's Violent Unravell  Hex/Tmut       0%         3d3       100%        5
 Iron Shot                Conj/Erth      0%         9d1       100%        6
 Simulacrum               Ice/Necr       0%         N/A       100%        6
 Statue Form              Tmut/Erth      0%         N/A       100%        6
 Summon Cactus Giant      Summ           0%         N/A       100%        6
 Dragon Form              Tmut           0%         N/A       100%        7
 Enfeeble                 Hex            0%         N/A       100%        7
 Orb of Destruction       Conj           0%         9d5       100%        7
 Ozocubu's Refrigeration  Ice            0%         4d7       100%        7
 Spellforged Servitor     Conj/Summ      0%         N/A       100%        7
 Storm Form               Tmut/Air       0%         N/A       100%        7
 Dragon's Call            Summ           0%         N/A       100%        9


Dungeon Overview and Level Annotations

Branches:
Dungeon (15/15)            Temple (1/1) D:7            Lair (5/5) D:11
  Swamp (4/4) Lair:3        Snake (4/4) Lair:2        Slime (0/5) Lair:5
    Orc (2/2) D:10            Elf (0/3) Orc:2        Vaults (3/5) D:14
  Crypt (0/3) Vaults:3     Depths (2/4) D:15

Altars:
Ashenzari
Cheibriados
Dithmenos
Fedhas
Gozag
Hepliaklqana
Kikubaaqudgha
Makhleb
Nemelex Xobeh
Okawaru
Qazlal
Ru
Sif Muna
Trog
Uskayaw
Vehumet
Wu Jian
Zin
The Shining One
Beogh
Jiyva

Shops:
D:2 :   D:6 =   D:9 *   D:12 *   Orc:2 [?*[(   Snake:1 (*   Snake:2 =::
Snake:3 ?:   Vaults:1 (

Portals:
Hell: Depths:1
Abyss: Depths:1

Annotations:
D:10 1 runed translucent door
Temple 2 transporters
Lair:3 2 transporters, haplo13's ghost, journeyman HOFi
Depths:1 exclusion: orange crystal statue


Message History

You kill the meliai!
The wretched star is severely damaged.
You barely miss the glowing orange brain.
The starcursed mass shudders and is absorbed by its neighbour.
A starcursed mass splits.
Found a runelight.
A spatial vortex comes into view.
You are too berserk!
You slash the wretched star!
The wretched star is almost destroyed.
You carve the glowing orange brain like a ham!!!
You destroy the tentacled starspawn!
The starspawn's tentacles wither and die.
You destroy the wretched star!
You kill the glowing orange brain!
The starcursed mass is no longer sharing its pain. x2
Your Stealth skill increases to level 17!
You are too berserk!
You are suddenly pulled into a different region of the Abyss!
You feel a strong urge to attack something.
You are no longer berserk.
You are exhausted.
You feel yourself slow down.
The terrible wounds on your body vanish.
You can no longer merge with and destroy a victim.
You can no longer pass through a line of other dancers.
Your extra speed is starting to run out.
Your hearing returns.
You feel yourself slow down.
You feel yourself speed up.
You fade into invisibility!
The small abomination closely misses you.
You hit the small abomination.
The small abomination is moderately damaged.
You carve the small abomination like a ham!!!
You destroy the small abomination!
A thrashing horror comes into view.
An eye of devastation comes into view.
The eye of devastation gazes at you. The bolt of energy hits you!!!
You die...

#........
#.....#..
#.#......
#.#..####
#.#..# .
#....# ...
#.##'#....
#.........
#.@.......
##......X.
..###..##
.#.# .#
..#.# .#
.. #.# #
#.. ..# G.
###


You could see an eye of devastation and a thrashing horror (unable to see you).

Vanquished Creatures
  An ancient lich (Abyss:4)
  Bai Suzhen (Vaults:2)
  Saint Roka (Vaults:3)
  Margery (Vaults:3)
  Vashnia (Snake:3)
  Xtahua (Vaults:2)
  A bone dragon (Abyss:4)
  A lich (Abyss:4)
  A tentacled monstrosity (Vaults:2)
  Mlioglotl (Snake:3)
  A tentacled starspawn (Abyss:4)
  Agnes (D:15)
  3 sphinxes
  A tengu reaver (Vaults:1)
  A thorn hunter (Swamp:1)
  A storm dragon (Depths:1)
  8 nagarajas
  3 frost giants
  A fenstrider witch (Swamp:3)
  8 vault wardens
  4 ghouls (Swamp:3)
  3 orc warlords
  6 very ugly things
  A war gargoyle (Vaults:3)
  A quicksilver ooze (shapeshifter) (D:15)
  9 ironbound preservers
  The ghost of LnG the Severer, a journeyman HOFi of Okawaru (D:12)
  3 stone giants
  A vampire knight (Vaults:3)
  3 ironbound thunderhulks
  3 bunyips
  7 eleionomae
  Azrael (Snake:1)
  5 dire elephants
  2 green deaths (Swamp:4)
  2 ettins
  A crystal guardian (Vaults:1)
  2 yaktaur captains
  A jiangshi (Vaults:3)
  2 shambling mangroves (Swamp:3)
  4 fire dragons
  2 spriggan air magi
  A hell beast (Swamp:4)
  Erolcha (D:13)
  2 rakshasas
  2 boulder beetles (D:13)
  7 ironbound frosthearts
  4 great orbs of eyes
  5 catoblepae
  A vault guard (Vaults:2)
  3 ogre magi
  4 salamander tyrants
  18 hydras
  A peacekeeper (Vaults:1)
  15 anacondas
  17 centaur warriors
  8 two-headed ogres
  22 naga warriors
  9 death yaks
  2 deep troll earth magi
  3 tengu warriors
  9 alligators
  2 spriggan berserkers
  A deep troll shaman (D:15)
  A thrashing horror (Swamp:4)
  6 orc high priests
  6 shock serpents
  4 hell knights
  24 naga sharpshooters
  2 wretched stars (Abyss:4)
  A shadow wraith (Abyss:3)
  7 salamander mystics
  Nergalle (Orc:1)
  5 skeletal warriors
  6 goliath frogs
  A sea snake (Snake:2)
  6 bog bodies
  A spriggan druid (Swamp:4)
  2 glowing orange brains
  7 ironbound convokers
  8 swamp dragons
  7 wizards
  24 deep trolls
  7 naga ritualists
  A necromancer (Lair:5)
  3 harpies (Vaults:1)
  8 lindwurms
  7 mana vipers
  7 orc sorcerers
  A deep elf pyromancer (D:12)
  12 orc knights
  A phantasmal warrior (Vaults:3)
  8 cyclopes
  40 ugly things
  6 manticores
  21 salamanders
  A will-o-the-wisp (Swamp:3)
  7 elephants
  Maurice (D:8)
  A starcursed mass (Abyss:4)
  24 naga magi
  44 black mambas
  3 orange demons (Swamp:4)
  13 guardian serpents
  12 vault sentinels
  2 gargoyles
  18 cane toads
  3 centaur skeletons (D:14)
  A cane toad (shapeshifter) (D:15)
  6 rime drakes
  9 komodo dragons
  3 unseen horrors
  23 yaktaurs
  2 kobold demonologists
  A tengu conjurer (D:10)
  An efreet (D:13)
  A bloated husk (Swamp:1)
  A queen bee (Abyss:4)
  8 trolls
  4 meliai (Abyss:4)
  2 polar bears
  A raiju (Abyss:3)
  14 hornets
  6 tyrant leeches
  A slime creature (shapeshifter) (Vaults:3)
  28 blink frogs
  27 slime creatures
  10 dream sheep
  A centaur simulacrum (D:12)
  5 shadows
  4 wraiths
  A culicivora (shapeshifter) (Vaults:2)
  11 spriggans
  2 ynoxinuls (Abyss:4)
  52 yaks
  3 small abominations
  4 wyverns
  6 basilisks
  Grum (D:8)
  A redback (shapeshifter) (D:12)
  13 vampire mosquitoes
  7 steam dragons
  A large abomination (Swamp:4)
  20 swamp worms
  A two-headed ogre zombie (D:10)
  A swamp worm (shapeshifter) (D:15)
  55 nagas
  3 wargs
  4 acid dragons
  24 water moccasins
  7 hell hounds (Snake:1)
  A swamp drake (shapeshifter) (D:10)
  42 orc warriors
  A black bear (Lair:1)
  3 swamp drakes
  A sky beast (D:5)
  21 wolves
  10 ogres
  A boggart (D:14)
  11 centaurs
  A phantom (D:10)
  Blork the orc (D:4)
  17 bullfrogs
  6 kobold brigands
  4 gnoll sergeants
  6 necrophages
  4 scorpions
  7 wights
  17 killer bees
  A troll zombie (D:10)
  An electric eel (Snake:2)
  7 howler monkeys
  A crimson imp (D:12)
  2 hounds
  5 jellies
  A gnoll bouda (D:5)
  15 orc priests
  7 iguanas
  28 orc wizards
  A boggart skeleton (D:14)
  2 polar bear simulacra (Lair:5)
  3 yak simulacra (Lair:5)
  3 wolf simulacra (Lair:5)
  6 ogre zombies (D:10)
  Robin (D:4)
  19 gnolls
  5 adders
  2 shadow imps
  3 white imps
  3 worms
  A dart slug (D:3)
  83 orcs
  A ball python (D:4)
  6 endoplasms
  2 giant cockroaches
  16 goblins
  9 hobgoblins
  3 jackals (D:2)
  5 bats
  4 frilled lizards
  2 goblin skeletons (D:10)
  4 goblin zombies (D:10)
  5 hobgoblin skeletons (D:10)
  3 hobgoblin zombies (D:10)
  11 kobolds
  11 orc zombies (D:10)
  3 rats
  3 river rat simulacra (Lair:5)
  4 briar patches (Swamp:1)
1431 creatures vanquished.

Vanquished Creatures (others)
  An alligator (Swamp:1)
  A wizard (Depths:1)
  A cane toad (Lair:5)
  An orc (D:8)
  An endoplasm (Lair:5)
  2 briar patches (Swamp:1)
  46 fungi
  93 plants
  6 starspawn tentacles (Abyss:4)
152 creatures vanquished.

Grand Total: 1583 creatures vanquished

Notes
Turn   | Place    | Note
-------+----------+-------------------------------------------
     0 | D:1      | LnG the Hill Orc Fighter began the quest for the Orb.
     0 | D:1      | Reached XP level 1. HP: 19/19 MP: 1/1
   225 | D:1      | Found a faded altar of an unknown god.
   287 | D:1      | Reached XP level 2. HP: 19/27 MP: 2/2
   595 | D:1      | Reached skill level 3 in Axes
   691 | D:1      | Reached XP level 3. HP: 33/33 MP: 3/3
  1116 | D:2      | Found Peromaff's Vocational Training.
  1247 | D:2      | You fall into a shaft and drop 2 floors!
  1716 | D:3      | Noticed a kobold brigand
  1719 | D:3      | Reached XP level 4. HP: 23/41 MP: 4/4
  1731 | D:3      | Killed a kobold brigand
  1732 | D:3      | Reached skill level 4 in Axes
  1732 | D:3      | Reached XP level 5. HP: 7/47 MP: 5/5
  2151 | D:3      | Reached skill level 1 in Dodging
  2949 | D:2      | Reached skill level 5 in Fighting
  3333 | D:4      | Noticed Blork the orc
  3345 | D:4      | Killed Blork the orc
  3346 | D:4      | Reached XP level 6. HP: 16/56 MP: 6/6
  3682 | D:4      | Noticed Robin
  3694 | D:4      | Killed Robin
  3888 | D:4      | Reached skill level 5 in Axes
  4682 | D:4      | Identified a scroll of acquirement
  4682 | D:4      | Acquired the ring "Qyijur" {rC+ Slay+5}
  4686 | D:5      | Entered Level 5 of the Dungeon
  4709 | D:5      | Reached skill level 5 in Armour
  4709 | D:5      | Reached XP level 7. HP: 22/61 MP: 7/7
  4997 | D:5      | Found an ornate altar of the Wu Jian Council.
  5012 | D:5      | Reached skill level 6 in Axes
  5178 | D:5      | Found a broken altar of Ashenzari.
  5231 | D:5      | Reached skill level 7 in Axes
  5556 | D:5      | Reached XP level 8. HP: 62/70 MP: 8/8
  5779 | D:5      | Noticed a troll
  5811 | D:5      | Killed a troll
  5812 | D:5      | Reached skill level 8 in Axes
  5812 | D:5      | Reached skill level 1 in Stealth
  5986 | D:5      | Reached skill level 9 in Axes
  6305 | D:6      | Noticed a yak
  6310 | D:6      | Killed a yak
  6311 | D:6      | Reached skill level 10 in Axes
  6391 | D:6      | Reached XP level 9. HP: 73/78 MP: 9/9
  6986 | D:6      | Found Hanny's Jewellery Shoppe.
  7005 | D:6      | Reached skill level 11 in Axes
  7434 | D:7      | Found a staircase to the Ecumenical Temple.
  7443 | Temple   | Entered the Ecumenical Temple
  7443 | Temple   | Found a transporter.
  7443 | Temple   | Found a transporter.
  7445 | Temple   | Found a transporter.
  7445 | Temple   | Found a transporter.
  7456 | Temple   | Became a worshipper of Uskayaw the Reveller
  7484 | D:7      | Reached * piety under Uskayaw
  7548 | D:7      | Reached ** piety under Uskayaw
  7551 | D:7      | Reached *** piety under Uskayaw
  7553 | D:7      | Reached **** piety under Uskayaw
  8992 | D:8      | Reached skill level 12 in Axes
  8995 | D:8      | Noticed Grum
  9068 | D:7      | Reached XP level 10. HP: 86/86 MP: 10/10
  9384 | D:8      | Reached skill level 5 in Shields
  9387 | D:8      | Killed Grum
  9632 | D:8      | Noticed a two-headed ogre
  9871 | D:9      | Identified the ring of Epnuetzi {Contam Fly rN++ Str+3
                  | Int+6}
 10520 | D:9      | Found Wali's Gadget Gallery.
 10622 | D:9      | Reached skill level 13 in Axes
 10672 | D:9      | Reached ***** piety under Uskayaw
 11002 | D:9      | Noticed a kobold demonologist
 11011 | D:9      | Killed a kobold demonologist
 11399 | D:10     | Entered Level 10 of the Dungeon
 11399 | D:10     | Noticed a kobold demonologist
 11405 | D:10     | Killed a kobold demonologist
 11529 | D:10     | Noticed an ogre mage
 11529 | D:10     | Paralysed by an ogre mage for 3 turns
 11623 | D:10     | Killed an ogre mage
 11624 | D:10     | Reached skill level 14 in Axes
 11624 | D:10     | Reached XP level 11. HP: 95/95 MP: 11/11
 12302 | D:10     | Found a staircase to the Orcish Mines.
 12584 | D:10     | Found a runed translucent door.
 12804 | D:10     | Found a runed translucent door.
 13049 | D:10     | Noticed a centaur warrior
 13055 | D:10     | Killed a centaur warrior
 13569 | D:10     | Noticed a two-headed ogre
 13570 | D:10     | Found a hazy altar of Hepliaklqana.
 13621 | D:10     | Killed a two-headed ogre
 13622 | D:10     | Reached skill level 5 in Stealth
 13673 | D:10     | Found a shadowy altar of Dithmenos.
 13756 | D:10     | Reached skill level 15 in Axes
 13764 | D:10     | Noticed an ogre mage
 13770 | D:10     | Noticed a two-headed ogre
 13773 | D:10     | Noticed a cyclops
 13774 | D:10     | Killed an ogre mage
 13774 | D:10     | Reached ****** piety under Uskayaw
 13778 | D:10     | Killed a two-headed ogre
 13782 | D:10     | Killed a cyclops
 14416 | D:10     | Reached XP level 12. HP: 101/106 MP: 12/12
 14470 | D:10     | Reached skill level 10 in Armour
 14790 | Orc:1    | Entered Level 1 of the Orcish Mines
 14790 | Orc:1    | Noticed Nergalle
 14888 | Orc:1    | Noticed an orc warlord
 14890 | Orc:1    | Killed Nergalle
 14891 | Orc:1    | Reached skill level 10 in Fighting
 14891 | Orc:1    | Reached skill level 16 in Axes
 15114 | Orc:1    | Noticed an orc high priest
 15583 | D:11     | Found a staircase to the Lair.
 16768 | Lair:1   | Entered Level 1 of the Lair of Beasts
 18854 | Lair:1   | Reached XP level 13. HP: 108/116 MP: 13/13
 19270 | Lair:2   | Found a staircase to the Snake Pit.
 19278 | Lair:2   | Reached skill level 17 in Axes
 20718 | Lair:3   | Found a transporter.
 20842 | Lair:3   | Noticed haplo13's ghost (journeyman HOFi)
 20961 | Lair:3   | Found a bloodstained altar of Trog.
 21025 | Lair:3   | Found a transporter.
 21107 | Lair:3   | Found a staircase to the Swamp.
 21734 | Lair:3   | Reached skill level 18 in Axes
 22991 | Lair:4   | Reached XP level 14. HP: 123/127 MP: 14/14
 23701 | Lair:3   | Reached skill level 19 in Axes
 25076 | Lair:5   | Entered Level 5 of the Lair of Beasts
 25135 | Lair:5   | Found a viscous altar of Jiyva.
 25135 | Lair:5   | Found a staircase to the Slime Pits.
 25961 | Lair:5   | Found a glowing golden altar of the Shining One.
 28162 | Lair:5   | Reached skill level 20 in Axes
 28714 | Lair:5   | Reached XP level 15. HP: 124/137 MP: 15/15
 29597 | Snake:1  | Entered Level 1 of the Snake Pit
 29692 | Snake:1  | Found Wiwouji's General Store.
 30099 | Snake:1  | Bought a scroll of identify for 26 gold pieces
 30099 | Snake:1  | Bought a scroll of identify for 26 gold pieces
 30099 | Snake:1  | Bought a potion of curing for 39 gold pieces
 30099 | Snake:1  | Bought a potion of haste for 130 gold pieces
 30756 | Snake:1  | Found Buillyi's Antique Weapon Shoppe.
 31349 | Snake:1  | Reached skill level 10 in Stealth
 31350 | Snake:1  | Reached skill level 1 in Throwing
 32777 | Snake:1  | Noticed Azrael
 32790 | Snake:1  | Reached skill level 15 in Fighting
 32812 | Snake:1  | Killed Azrael
 34537 | Snake:1  | Reached skill level 5 in Dodging
 35152 | Snake:1  | Glimpsed the power of Zot.
 35539 | Snake:2  | Reached skill level 21 in Axes
 35704 | Snake:2  | Reached XP level 16. HP: 109/149 MP: 16/16
 36624 | Snake:2  | Found Gadikh's Book Shop.
 36626 | Snake:2  | Found Qosal's Jewellery Shoppe.
 36627 | Snake:2  | Found Doozoxt's Book Shop.
 38126 | Snake:3  | Noticed a nagaraja
 38133 | Snake:3  | Killed a nagaraja
 38375 | Snake:3  | Found Lawucig's Book Shop.
 38375 | Snake:3  | Found Muykk's Magic Scroll Boutique.
 38718 | Snake:3  | Bought 3 scrolls of identify for 102 gold pieces
 38718 | Snake:3  | Bought a scroll of identify for 34 gold pieces
 38718 | Snake:3  | Bought a scroll of silence for 161 gold pieces
 38718 | Snake:3  | Bought a scroll of vulnerability for 68 gold pieces
 39164 | Snake:3  | Noticed Vashnia
 40342 | Snake:3  | Noticed Mlioglotl
 42276 | Snake:3  | Reached skill level 5 in Throwing
 42554 | Snake:3  | Killed Vashnia
 42727 | Snake:3  | Killed Mlioglotl
 43907 | Snake:3  | Noticed a nagaraja
 44322 | Snake:3  | Killed a nagaraja
 46329 | Snake:4  | Entered Level 4 of the Snake Pit
 47749 | Snake:4  | Reached XP level 17. HP: 150/160 MP: 17/17
 48174 | Snake:4  | Reached skill level 22 in Axes
 49239 | Snake:4  | Identified the +0 robe of Sionish {Will++}
 50502 | Snake:4  | Reached skill level 15 in Armour
 52655 | Snake:4  | Got a serpentine rune of Zot
 52992 | Swamp:1  | Entered Level 1 of the Swamp
 53533 | D:8      | Found a glowing silver altar of Zin.
 53540 | D:8      | Found a shimmering blue altar of Sif Muna.
 53550 | D:8      | Noticed Maurice
 53560 | D:8      | Killed Maurice
 54370 | D:10     | Reached XP level 18. HP: 129/172 MP: 14/18
 55653 | Orc:2    | Entered Level 2 of the Orcish Mines
 55717 | Orc:2    | Found a roughly hewn altar of Beogh.
 56090 | Orc:2    | Found a staircase to the Elven Halls.
 56115 | Orc:2    | Found Laashreint's Antique Weapon Boutique.
 56127 | Orc:2    | Bought a runed battleaxe for 275 gold pieces
 56208 | Orc:2    | Found Ahepynit's Magic Scroll Boutique.
 56208 | Orc:2    | Found Wiywosoff's Armour Shoppe.
 56215 | Orc:2    | Reached skill level 23 in Axes
 56516 | Orc:2    | Found Goilan's Antique Armour Boutique.
 56516 | Orc:2    | Found Ulere's General Store.
 56523 | Orc:2    | Bought a scroll of identify for 24 gold pieces
 56523 | Orc:2    | Bought a scroll of identify for 24 gold pieces
 56523 | Orc:2    | Bought a scroll of identify for 24 gold pieces
 56924 | Orc:2    | Found a roughly hewn altar of Beogh.
 57327 | Swamp:1  | You are sucked into a shaft and drop 1 floor!
 57857 | Swamp:1  | Found a radiant altar of Vehumet.
 57947 | Swamp:1  | Identified the +4 leather armour of an ice cave {rPois}
 59858 | Swamp:3  | Identified the +5 rapier of Zoddob {flame, rC- rCorr Int+3}
 60078 | Swamp:3  | Reached skill level 10 in Throwing
 61004 | Swamp:4  | Entered Level 4 of the Swamp
 61415 | Swamp:4  | Reached XP level 19. HP: 118/183 MP: 14/19
 62660 | Swamp:4  | Got a decaying rune of Zot
 63589 | D:12     | Found a runed translucent gate.
 63589 | D:12     | Found a runed translucent gate.
 63590 | D:12     | Found a runed translucent gate.
 63590 | D:12     | Found an opulent altar of Gozag.
 63595 | D:12     | Found Pupuhuc's Assorted Antiques.
 63596 | D:12     | Noticed LnG's ghost (journeyman HOFi)
 63651 | D:12     | Identified the ring "Loxtetz" {+Blink rPois Slay+4}
 64387 | D:12     | Killed LnG's ghost
 64501 | D:12     | Bought 2 potions of curing for 240 gold pieces
 64501 | D:12     | Bought a scroll labelled IBROIXIYXIS for 40 gold pieces
 64501 | D:12     | Bought a potion of might for 160 gold pieces
 65421 | D:13     | Noticed Erolcha
 65428 | D:13     | Killed Erolcha
 65887 | D:14     | Reached skill level 24 in Axes
 66070 | D:14     | Found a gate to the Vaults.
 67069 | Vaults:1 | Entered Level 1 of the Vaults
 67317 | Vaults:1 | Reached skill level 15 in Stealth
 67767 | Vaults:1 | Found Ulaffial's Weapon Boutique.
 68580 | Vaults:1 | Reached XP level 20. HP: 189/194 MP: 20/20
 71290 | Vaults:2 | Noticed Bai Suzhen
 71312 | Vaults:2 | Killed Bai Suzhen
 72648 | Vaults:2 | Identified the +6 falchion of Fedhas's Hope {freeze, Str+5
                  | Stlth+}
 72701 | Vaults:2 | Noticed Xtahua
 72704 | Vaults:2 | Paralysed by Xtahua for 3 turns
 72711 | Vaults:2 | Killed Xtahua
 74816 | Vaults:3 | Reached skill level 25 in Axes
 75196 | Vaults:3 | Found a staircase to the Crypt.
 75212 | Vaults:3 | Noticed Saint Roka
 75229 | Vaults:3 | Killed Saint Roka
 75721 | Vaults:3 | Reached XP level 21. HP: 180/205 MP: 19/21
 76306 | Vaults:3 | Noticed Margery
 76326 | Vaults:3 | Killed Margery
 77120 | D:15     | Entered Level 15 of the Dungeon
 77687 | D:15     | Noticed Agnes
 77693 | D:15     | Killed Agnes
 78392 | D:15     | Found a staircase to the Depths.
 78689 | Depths:1 | Entered Level 1 of the Depths
 78946 | Depths:1 | Paralysed by a sphinx for 3 turns
 79233 | Depths:1 | Found a gateway to Hell.
 79360 | Depths:1 | Found a one-way gate to the infinite horrors of the Abyss.
 80212 | Depths:1 | Acquired the +4 executioner's axe of Tumult {vorpal, rPois
                  | rF++ rCorr Dex-3}
 80385 | Depths:1 | Identified the +1 robe "Fyupiro" {rN+ Int+2 SInv}
 80675 | Abyss:2  | Found a corrupted altar of Lugonu.
 80675 | Abyss:2  | Cast into level 2 of the Abyss (hell knight)
 80681 | Abyss:3  | Found a corrupted altar of Lugonu.
 81044 | Abyss:4  | Noticed an ancient lich
 81051 | Abyss:4  | Killed an ancient lich
 81091 | Abyss:4  | Noticed a bone dragon
 81096 | Abyss:4  | Got an abyssal rune of Zot
 81102 | Abyss:4  | Paralysed by accursed screaming for 1 turns
 81110 | Abyss:4  | Paralysed by accursed screaming for 1 turns
 81111 | Abyss:4  | HP: 12/247 [bone dragon (4)]
 81112 | Abyss:4  | Killed a bone dragon
 81112 | Abyss:4  | HP: 2/216 [starcursed mass/accursed screaming (11)]
 81163 | Abyss:4  | Blown up by an eye of devastation

Illustrated notes

Levels and vault maps discovered:
D:1:      lordsloth_arrival_two_stooges, layout_basic,
          chequers_ecumenical_altar_twisty, hangedman_abyss_or_decor_stabs
D:2:      layout_basic, amcnicky_mini_rare_corridor_liquid,
          corexii_leaking_fountain, serial_bayou_lagoon_a,
          nicolae_shop_vocational
D:3:      layout_basic, cheibrodos_sewer_entry_bend, minmay_misc_feat_doors
D:4:      layout_loops_corners, uniq_robin, uniq_blork_the_orc
D:5:      layout_loops_ring, mainiacjoe_overflow_catwalk_spiral,
          chequers_mini_garden
D:6:      layout_loops_cross, serial_shops, shop_statue, minmay_manual_mail
D:7:      layout_basic, minmay_temple_entry_arrows, grunt_ministairs_12
D:8:      layout_basic, nicolae_overflow_hidden_temple, kennysheep_doodads,
          kennysheep_decorative_pillar, mrwooster_statue_mirror,
          minmay_alternating_orb, uniq_grum, uniq_maurice
D:9:      layout_loops_corners, nicolae_shop_gadgets
D:10:     cheibrodos_histonic, layout_long_grid,
          riverfiend_overflow_shadow_ancestor, zombieorc2_lemuel, kb_rosetta
D:11:     layout_irregular_city, lair_entry_dummy, kennysheep_crisscross
D:12:     layout_loops_corners, ebering_ghost_gozag, lightli_wizard_tower
D:13:     layout_roguey, uniq_erolcha
D:14:     layout_stronghold, hangedman_vaults_entry_quadrant_bands
D:15:     gammafunk_enter_depths_forms, layout_layer_cave, uniq_agnes
Temple:   hellmonk_temple_divided_pantheon
Lair:1:   layout_cave_pods, beast_lair_carwin_7, infiniplex_staircase_pool,
          grunt_megastairs_2
Lair:2:   layout_gridlike, minmay_snake_entry_six_corridors, lemuel_fruit_tree
Lair:3:   layout_roguey, swamp_mist, gammafunk_ghost_wrathful_warriors,
          kennysheep_catoblepas_arena
Lair:4:   layout_roguey, lemuel_fruit_fields, grunt_megastairs_1
Lair:5:   guppyfry_lair_end_dragon, layout_regular_city,
          hangedman_lair_in_review, nicolae_slime_entry_slimehenge, basic_altar,
          eino_house_with_fridge
Swamp:1:  layout_basic_swamp, nicolae_swamp_godswood
Swamp:2:  layout_falls_marsh, evilmike_swamp_ruin_rubble_2, swamp_pool5
Swamp:3:  layout_falls_marsh, serial_swamp_ruin, hangedman_swamp_ruin_hall,
          evilmike_swamp_ruin_rubble_1, nicolae_swamp_orc_logging_accident,
          swamp_pool1, hangedman_swamp_wriggling, infiniplex_staircase_pool_2
Swamp:4:  swamp_vile, layout_basic_swamp
Snake:1:  layout_chambers, serial_shops, nicolae_shop_advertising_works
          [nicolae_subvault_shop_adworks], nicolae_snake_coiling_death,
          minmay_shop_star, uniq_azrael
Snake:2:  layout_rooms, grunt_ministairs_7, minmay_shop_grove,
          serial_bayou_shore_a
Snake:3:  layout_layer_cave, nicolae_snake_gridmaze_big_u, minmay_shoptagon,
          uniq_mlioglotl, uniq_vashnia
Snake:4:  grunt_snake_rune_serpentine_throne, layout_onion
Orc:1:    cheibrodos_orc_arena, layout_diamond_mine, uniq_nergalle
Orc:2:    grunt_orc_tribal_feast, layout_caves, serial_shops,
          nicolae_shop_crystal, basic_altar, bh_open_orc_temple
Vaults:1: grunt_vaults_diagonal, nicolae_vaults_windows_and_doors_thing,
          v_alt_pattern_2, v_misc_17, vaults_dpeg_emergency_exit,
          vaults_room_semicircle, layout_vaults_quadrants, serial_shops,
          nicolae_shop_waterfront
Vaults:2: grunt_vaults_twisty, v_rooms_4, vaults_dpeg_encased_lava,
          nicolae_vaults_hallways_thing, v_misc_2, vaults_room_fancy_cross,
          ontoclasm_vaults_ring_large, hangedman_vaults_stream,
          vaults_standard_mumra_lines, ontoclasm_vaults_chip,
          vaults_room_ringed_pool, vaults_room_octagon, v_misc_14,
          vaults_dpeg_diagonal, st_cross, layout_vaults_omnibox,
          uniq_bai_suzhen, uniq_xtahua
Vaults:3: nicolae_vaults_network_barrier, v_misc_12,
          minmay_crypt_entry_simple_corners, hangedman_vaults_stagger,
          v_misc_16, hangedman_vaults_locks, dpeg_vaults_monster_row,
          nicolae_vaults_border_crossing, vaults_room_pool, st_cells,
          vaults_mumra_chevron_long, nicolae_vaults_little_squares_4,
          vaults_dpeg_ring, layout_vaults_maze, serial_shops, shop,
          uniq_margery, uniq_saint_roka, uniq_mennas
Depths:1: layout_roguey, hell_entry, dk_noncrumbling_3, abyss_entry,
          minivault_16, dispersion_dpeg
Depths:2: kennysheep_room_grid, layout_gridlike, rand_demon_pan_entry_9,
          fedhas_altar_4, marbit_kobold_abyss_entry, hell_entry
Abyss:4:  base: D:14, hangedman_cross_veins, grunt_abyss_rune_wretched_hive,
          hangedman_abyss_shoalhut, grunt_abyss_exit_deep_breaths,
          hangedman_abyss_shoalhut, due_exit_kobolds

Skill      XL: |  1  2  3  4  5  6  7  8  9 10 11 12 13 14 15 16 17 18 19 20 21 |
---------------+----------------------------------------------------------------+-----
Fighting       | 4 5 6 7 8 9 11 12 13 15 16 18 19 20 21 22 | 22.3
Axes           | 3 4 5 7 10 12 14 15 16 18 20 21 22 23 24 25 | 25.7
Armour         | 4 5 6 7 8 9 11 12 13 14 15 16 | 16.4
Dodging        | 1 2 3 4 5 6 7 8 |  8.6
Shields        | 4 5 6 7 |  7.0
Stealth        | 1 3 4 5 6 8 9 10 11 12 13 15 16 17 | 17.0
Throwing       | 1 7 8 10 11 | 11.6
Evocations     | |  0.8

Action                   |  1- 3 |  4- 6 |  7- 9 | 10-12 | 13-15 | 16-18 | 19-21 || total
-------------------------+-------+-------+-------+-------+-------+-------+-------++-------
Melee: War axe           |    80 |   131 |   157 |   412 |    78 |       |       ||   858
       Battleaxe         |       |       |       |       |   597 |   982 |   741 ||  2320
       Executioner's axe |       |       |       |       |       |       |    32 ||    32
Throw: Boomerang         |       |       |       |       |     9 |   250 |    61 ||   320
Evoke: Phantom mirror    |       |       |       |       |       |     1 |       ||     1
       Wand              |       |       |       |       |       |       |     3 ||     3
       Piece from Xom's  |       |       |       |       |       |       |     1 ||     1
  Use: Scroll            |       |     3 |     2 |     6 |     6 |    16 |    14 ||    47
       Potion            |       |       |       |       |     3 |     2 |    19 ||    24
 Stab: Confused          |       |     1 |       |       |       |       |       ||     1
       Paralysed         |       |       |     7 |    38 |    69 |    84 |    95 ||   293
       Distracted        |       |       |       |     1 |     1 |     7 |     8 ||    17
       Petrified         |       |       |       |       |     1 |       |       ||     1
       Invisible         |       |       |       |       |     2 |       |    10 ||    12
       Sleeping          |       |       |       |       |     1 |    12 |    25 ||    38
Armor: Scale mail        |    38 |    56 |    69 |    95 |       |       |       ||   258
       Chain mail        |       |       |       |   140 |   321 |       |       ||   461
       Swamp dragon scal |       |       |       |       |    92 |   435 |   306 ||   833
       Fire dragon scale |       |       |       |       |       |       |   224 ||   224
Dodge: Dodged            |    44 |    62 |    73 |   134 |   260 |   449 |   439 ||  1461
Block: Buckler           |    18 |    39 |    29 |    76 |       |       |       ||   162
       Kite shield       |       |       |       |    15 |    24 |       |       ||    39

Table legend: (Time is in decaauts)
 A = Elapsed time spent in this place.
 B = Non-inter-level travel time spent in this place.
 C = Inter-level travel time spent in this place.
 D = Time resting spent in this place.
 E = Time spent auto-exploring this place.
 F = Levels seen in this place.
 G = Mean time per level.
                   A        B        C        D        E       F      G
               +--------+--------+--------+--------+--------+-----+--------+
         Total |  80593 |  77571 |   3022 |  36031 |  10669 |  39 | 2066.5 |
       Dungeon |  24284 |  22988 |   1296 |   7771 |   6450 |  15 | 1618.9 |
        Temple |     29 |     29 |      0 |      0 |      0 |   1 |   29.0 |
          Lair |  13199 |  12527 |    672 |   5932 |   1313 |   5 | 2639.8 |
         Swamp |   5767 |   5597 |    170 |   2404 |    969 |   4 | 1441.8 |
     Snake Pit |  22681 |  22295 |    386 |  13993 |    645 |   4 | 5670.2 |
  Orcish Mines |   2704 |   2608 |     96 |    699 |    600 |   2 | 1352.0 |
        Vaults |   9802 |   9403 |    399 |   4584 |    548 |   3 | 3267.3 |
        Depths |   1658 |   1656 |      2 |    376 |    144 |   2 |  829.0 |
         Abyss |    465 |    465 |      0 |    270 |      0 |   3 |  155.0 |
               +--------+--------+--------+--------+--------+-----+--------+

Top non-repeatable levels by time:
 Snake:1: 5986 daAuts
 Snake:3: 5712 daAuts
 Snake:2: 5522 daAuts
 Snake:4: 5461 daAuts
Vaults:2: 4848 daAuts
    D:10: 4092 daAuts
Vaults:1: 3596 daAuts
  Lair:5: 3437 daAuts
  Lair:2: 2757 daAuts
  Lair:3: 2494 daAuts
  Lair:4: 2382 daAuts
 Swamp:3: 2274 daAuts
  Lair:1: 2127 daAuts
     D:9: 2037 daAuts
    D:15: 1873 daAuts
